 Dungeon Crawl Stone Soup version 0.23.2-40-g277498a001 (webtiles) character file.

Game seed: 1762260402403430437

19559 Hylith the Severer (level 12, -1/110 HPs)
             Began as a Hill Orc Fighter on Sept 25, 2019.
             Was a High Priest of Makhleb.
             Slain by a rust devil (3 damage)
             ... summoned by an orange crystal statue
             ... in a Gauntlet.
             The game lasted 00:23:41 (12339 turns).

Hylith the Severer (Hill Orc Fighter)              Turns: 12339, Time: 00:23:42

Health: -1/110     AC: -31   Str: 24    XL:     12   Next: 70%
Magic:  0/15       EV:  6    Int:  8    God:    Makhleb [*****.]
Gold:   732        SH:  0    Dex: 13    Spells: 7/11 levels left

rFire    + . .     SeeInvis .   a - +0 war axe
rCold    . . .     Gourm    .   c - +0 shield
rNeg     . . .     Faith    .   w - +0 plate armour
rPois    .         Spirit   +   r - +1 helmet
rElec    .         Reflect  .   W - scarf {Spirit}
rCorr    .         Harm     .   d - +0 pair of gloves
MR       .....     NoTele   +   (no boots)
Stlth    ..........             (no amulet)
HPRegen  0.28/turn              V - ring of protection from fire
MPRegen  0.14/turn              J - +3 ring of dexterity

@: confused, corroded
A: no striking features
a: Minor Destruction, Lesser Servant of Makhleb, Major Destruction, Greater
Servant of Makhleb, Renounce Religion


You were in a Gauntlet.
You worshipped Makhleb.
Makhleb was extremely pleased with you.
You were not hungry.

You visited 3 branches of the dungeon, and saw 14 of its levels.
You also visited: Gauntlet.

You collected 732 gold pieces.

Inventory:

Hand Weapons
 a - a +0 war axe (weapon)
 O - a +0 scimitar of flaming
 T - the +0 falchion of Unreason {freeze, Str+2 Dex+4}
   (You found it on level 11 of the Dungeon)

   It has been specially enchanted to freeze those struck by it, causing extra
   injury to most foes and up to half again as much damage against particularly
   susceptible opponents.
   It can also slow down cold-blooded creatures.
   It affects your strength (+2).
   It affects your dexterity (+4).
Missiles
 z - 19 tomahawks (quivered)
 E - 3 throwing nets
Armour
 c - a +0 shield (worn)
 d - a +0 pair of gloves (worn)
 r - a +1 helmet (worn)
 w - a +0 plate armour (worn)
 y - a scarf of cloud immunity
 W - a scarf of spirit shield (worn)
Jewellery
 m - an uncursed ring of poison resistance
 u - an uncursed ring of positive energy
 J - a +3 ring of dexterity (right hand)
 P - an uncursed ring of see invisible
 V - a ring of protection from fire (left hand)
Wands
 h - a wand of polymorph (6)
 x - a wand of paralysis (6)
 F - a wand of random effects (20)
 K - a wand of flame (14)
 N - a wand of disintegration (14)
Scrolls
 j - 6 scrolls of teleportation
 o - a scroll of enchant weapon
 p - 3 scrolls of enchant armour
 q - 2 scrolls of noise
 s - 5 scrolls of remove curse
 t - 2 scrolls of blinking {unknown}
 A - 3 scrolls of fear
 C - 4 scrolls of immolation
 D - 2 scrolls of fog
 G - 2 scrolls of magic mapping
 R - 3 scrolls of identify
 U - a scroll of amnesia {unknown}
Potions
 b - 3 potions of flight
 e - 2 potions of agility
 g - 4 potions of curing
 i - 4 potions of magic
 k - a potion of cancellation
 l - 4 potions of brilliance
 n - 6 potions of heal wounds
 v - a potion of ambrosia
 B - a potion of haste
 I - a potion of berserk rage
 L - a potion of degeneration {unknown}
 M - a potion of resistance
 Q - a potion of mutation
 S - a potion of might
Miscellaneous
 H - a lightning rod (4/4)
Comestibles
 f - 33 rations


   Skills:
 + Level 11.1 Fighting
 * Level 15.5 Axes
 + Level 6.7 Armour
 * Level 13.6 Shields
 - Level 4.0 Invocations


You had 7 spell levels left.
You knew the following spells:

 Your Spells              Type           Power        Failure   Level  Hunger
a - Animate Skeleton      Necr           N/A          100%        1    ##.....
r - Regeneration          Chrm/Necr      #.........   100%        3    ####...

Your spell library contained the following spells:

 Spells                   Type           Power        Failure   Level  Hunger
 Freeze                   Ice            #...         100%        1    ##.....
 Pain                     Necr           #...         100%        1    ##.....
 Throw Frost              Conj/Ice       #.....       100%        2    ###....
 Ozocubu's Armour         Chrm/Ice       #.......     100%        3    ####...
 Vampiric Draining        Necr           #.........   100%        3    ####...
 Animate Dead             Necr           N/A          100%        4    #####..
 Summon Ice Beast         Ice/Summ       #.......     100%        4    #####..
 Throw Icicle             Conj/Ice       #.......     100%        4    #####..


Dungeon Overview and Level Annotations

Branches:
Dungeon (11/15)            Temple (1/1) D:5            Lair (2/6) D:11
    Orc (0/2) D:10
  Swamp: Lair:2-4    Shoals: Lair:2-4     Snake: Lair:2-4    Spider: Lair:2-4

Altars:
Dithmenos
Hepliaklqana
Kikubaaqudgha
Makhleb
Nemelex Xobeh
Okawaru
Ru
Sif Muna
Trog
Wu Jian
Xom

Annotations:
D:3 3 runed translucent doors, Ishchenko's ghost, amateur HOFi Gauntlet 11 transporters, 21 runed translucent doors, exclusions: oklob plant and orange crystal statue


Message History

You bump into the translucent stone wall.
The golden eye blinks!
The golden eye blinks at you.
You are more confused.
The rust devil hits you.
* * * LOW HITPOINT WARNING * * *
The rust devil corrodes you!
You hit the orange crystal statue but do no damage.
The orange crystal statue is heavily damaged.
You hit the rust devil but do no damage.
You hit the golden eye but do no damage.
The golden eye blinks! x2
You hit the rust devil but do no damage.
The rust devil is moderately wounded.
Your plate armour prevents you from hitting the golden eye.
You hit the orange crystal statue. The golden eye blinks at you.
You are more confused.
The rust devil hits you.
You die...

.###########...###########..###
.............≈.............≈#
............≈8≈........∩...∩###
.............≈.............≈#8#
.###########...###########..###
.#.........#...#.#####...#..#
.#...###...#...#GG..#..###..###
.#[...#...4#####G###...###..#8#
.#!#..#..#2#...#@##.##...#..###
.#©.######.#©.©#48#.##.###©.#
.#}#..#©.#.#...#§###.©.###..###
.#....#....#####?##.#.#..#..#8#
.#...###...#...#G#..##.###..###
.#.........#.8.#.##....###..#
.###########...###########..###
§...........................#8#
...........................≈###


You could see a reaper, an orange crystal statue, a hellwing, a rust devil and 4
golden eyes.

Vanquished Creatures
  Harold (D:8)
  Erica (D:8)
  2 two-headed ogres
  An unseen horror (D:11)
  Pikel (D:9)
  2 swamp dragons (Lair:1)
  A manticore (D:11)
  3 black mambas
  Joseph (D:8)
  2 spiny frogs (Lair:1)
  3 kobold demonologists (D:11)
  3 komodo dragons
  A merfolk (D:9)
  A troll (D:10)
  Prince Ribbit (D:8)
  A hornet (D:11)
  A polar bear (Lair:2)
  3 hippogriffs
  7 blink frogs
  A wraith (D:10)
  Grum (D:8)
  7 yaks
  2 hungry ghosts (D:10)
  A warg (D:10)
  7 water moccasins
  3 porcupines (Lair:1)
  3 orc warriors
  2 ice beasts
  A sky beast (D:8)
  2 eyes of draining (D:9)
  3 slaves (D:9)
  2 black bears
  6 ogres
  4 phantoms
  3 wolves (D:8)
  2 centaurs
  3 crocodiles
  A big kobold (D:8)
  12 bullfrogs
  A wyvern zombie (D:9)
  7 scorpions
  2 howler monkeys
  6 crimson imps
  A centaur zombie (D:8)
  A bullfrog zombie (D:10)
  8 hounds
  8 orc priests
  Crazy Yiuf (D:6)
  2 jellies
  A bullfrog skeleton (D:4)
  4 iguanas
  11 worker ants
  12 orc wizards
  2 hound skeletons
  A howler monkey zombie (D:11)
  A worker ant zombie (D:5)
  5 adders
  7 gnolls
  5 shadow imps
  2 oozes
  An adder zombie (D:8)
  3 worms
  3 dart slugs
  6 leopard geckos
  45 orcs
  3 ball pythons
  4 giant cockroaches
  3 goblins
  8 hobgoblins
  13 jackals
  7 quokkas
  11 bats
  4 frilled lizards
  A jackal skeleton (D:4)
  20 kobolds
  10 rats
  3 fungi
  3 plants (D:11)
338 creatures vanquished.

Vanquished Creatures (collateral kills)
  A bullfrog (Lair:1)
1 creature vanquished.

Vanquished Creatures (others)
  A slave (D:8)
  A quasit (D:8)
  An orc wizard (D:8)
3 creatures vanquished.

Grand Total: 342 creatures vanquished

Notes
Turn   | Place    | Note
-------+----------+-------------------------------------------
     0 | D:1      | Hylith the Hill Orc Fighter began the quest for the Orb.
     0 | D:1      | Reached XP level 1. HP: 19/19 MP: 1/1
    79 | D:1      | Reached skill level 3 in Axes
   117 | D:1      | Reached XP level 2. HP: 24/27 MP: 2/2
   506 | D:1      | Reached XP level 3. HP: 33/33 MP: 3/3
  1021 | D:2      | Found a burning altar of Makhleb.
  1036 | D:2      | Reached skill level 4 in Axes
  1036 | D:2      | Reached XP level 4. HP: 10/40 MP: 4/4
  1044 | D:2      | Became a worshipper of Makhleb the Destroyer
  1933 | D:3      | Reached * piety under Makhleb
  1964 | D:3      | Found a runed translucent gate.
  2023 | D:3      | Reached XP level 5. HP: 37/46 MP: 5/5
  2134 | D:3      | Found a deep blue altar of Sif Muna.
  2172 | D:3      | Found a runed translucent gate.
  2172 | D:3      | Found a runed translucent gate.
  2176 | D:3      | Noticed Ishchenko's ghost (amateur HOFi)
  2187 | D:3      | Reached skill level 5 in Axes
  2232 | D:3      | Reached skill level 5 in Shields
  2232 | D:3      | Reached XP level 6. HP: 37/53 MP: 6/6
  2529 | D:3      | Found a sparkling altar of Nemelex Xobeh.
  2755 | D:4      | Reached skill level 5 in Fighting
  2755 | D:4      | Reached skill level 6 in Axes
  2758 | D:4      | Reached XP level 7. HP: 61/61 MP: 7/7
  3102 | D:4      | Reached ** piety under Makhleb
  3126 | D:4      | HP: 3/61 [orc/+0 mace (4)]
  3129 | D:4      | HP: 1/61 [orc/+0 mace (2)]
  3392 | D:4      | Reached skill level 7 in Axes
  3821 | D:5      | Entered Level 5 of the Dungeon
  3850 | D:5      | Reached XP level 8. HP: 50/70 MP: 8/8
  3885 | D:5      | HP: 3/70 [ogre/+0 giant club (10)]
  4111 | D:5      | Reached skill level 8 in Axes
  4442 | D:5      | Found a staircase to the Ecumenical Temple.
  4446 | Temple   | Entered the Ecumenical Temple
  4723 | D:5      | Reached skill level 9 in Axes
  4926 | D:5      | Found an ornate altar of the Wu Jian Council.
  4928 | D:5      | Found an ancient bone altar of Kikubaaqudgha.
  5318 | D:6      | You fall through a shaft for 3 floors!
  5340 | D:9      | Noticed a hippogriff
  5360 | D:9      | Killed a hippogriff
  5360 | D:9      | Reached XP level 9. HP: 79/79 MP: 1/9
  5544 | D:9      | Noticed a two-headed ogre
  5567 | D:9      | Reached skill level 10 in Axes
  5600 | D:9      | Killed a two-headed ogre
  5850 | D:8      | Noticed Prince Ribbit
  5855 | D:8      | Noticed Harold
  5863 | D:8      | Reached *** piety under Makhleb
  5864 | D:8      | Reached skill level 11 in Axes
  5895 | D:8      | Killed Harold
  5895 | D:8      | Reached skill level 10 in Shields
  5895 | D:8      | Reached XP level 10. HP: 54/90 MP: 10/10
  5913 | D:8      | Noticed Pikel
  6032 | D:9      | Killed Pikel
  6032 | D:9      | Reached skill level 12 in Axes
  6212 | D:8      | Found a shadowy altar of Dithmenos.
  6237 | D:8      | Noticed Joseph
  6259 | D:8      | Killed Joseph
  6387 | D:8      | Noticed Grum
  6411 | D:8      | Killed Grum
  6610 | D:8      | Killed Prince Ribbit
  7210 | D:7      | Reached **** piety under Makhleb
  7263 | D:7      | Found a bloodstained altar of Trog.
  7372 | D:7      | Found a sacrificial altar of Ru.
  7827 | D:6      | Found a runed translucent door.
  7828 | D:6      | Noticed Crazy Yiuf
  7835 | D:6      | Killed Crazy Yiuf
  7924 | D:6      | Reached skill level 13 in Axes
  8418 | D:8      | Noticed Erica
  8467 | D:8      | Killed Erica
  8467 | D:8      | Reached XP level 11. HP: 51/97 MP: 6/11
  8727 | D:8      | Found a sparkling altar of Nemelex Xobeh.
  8991 | D:9      | Found a shimmering altar of Xom.
  9323 | D:10     | Entered Level 10 of the Dungeon
  9460 | D:10     | Learned a level 3 spell: Regeneration
  9462 | D:10     | Learned a level 1 spell: Animate Skeleton
  9535 | D:10     | Found a staircase to the Orcish Mines.
  9750 | D:10     | Reached ***** piety under Makhleb
  9753 | D:10     | Reached skill level 1 in Invocations
  9880 | D:10     | Reached skill level 10 in Fighting
 10178 | D:11     | Reached skill level 14 in Axes
 10222 | D:11     | Noticed a sixfirhy
 10228 | D:11     | Reached skill level 5 in Armour
 10262 | D:11     | Got a warped falchion
 10263 | D:11     | Identified the cursed +0 falchion of Unreason {freeze,
                  | Str+2 Dex+4} (You found it on level 11 of the Dungeon)
 10459 | D:11     | Found a staircase to the Lair.
 10565 | D:11     | Noticed a manticore
 10574 | D:11     | Killed a manticore
 10930 | D:11     | Noticed a two-headed ogre
 10940 | D:11     | Killed a two-headed ogre
 10962 | D:11     | Noticed an unseen horror
 10985 | D:11     | Killed an unseen horror
 10985 | D:11     | Reached XP level 12. HP: 79/107 MP: 10/14
 11394 | Lair:1   | Entered Level 1 of the Lair of Beasts
 11535 | Lair:1   | Found a transporter.
 11657 | Lair:1   | Reached skill level 15 in Axes
 11752 | Lair:1   | Found a transporter.
 12006 | Lair:2   | Found a gate leading to a gauntlet.
 12043 | Gauntlet | Entered a Gauntlet
 12043 | Gauntlet | Found a transporter.
 12043 | Gauntlet | Found a transporter.
 12043 | Gauntlet | Found a transporter.
 12046 | Gauntlet | Found a transporter.
 12049 | Gauntlet | Found a transporter.
 12058 | Gauntlet | Noticed a reaper
 12059 | Gauntlet | Found a transporter.
 12126 | Gauntlet | Found a transporter.
 12128 | Gauntlet | Found a large runed translucent door.
 12129 | Gauntlet | Found a large runed translucent door.
 12130 | Gauntlet | Found a large runed translucent door.
 12130 | Gauntlet | Found a large runed translucent door.
 12130 | Gauntlet | Found a runed translucent door.
 12130 | Gauntlet | Found a runed translucent door.
 12131 | Gauntlet | Found a large runed translucent door.
 12132 | Gauntlet | Found a large runed translucent door.
 12133 | Gauntlet | Found a large runed translucent door.
 12133 | Gauntlet | Found a large runed translucent door.
 12134 | Gauntlet | Found a runed translucent gate.
 12134 | Gauntlet | Found a runed translucent gate.
 12134 | Gauntlet | Found a runed translucent gate.
 12135 | Gauntlet | Noticed a tengu warrior
 12136 | Gauntlet | Found a transporter.
 12145 | Gauntlet | Found a large runed translucent door.
 12145 | Gauntlet | Found a large runed translucent door.
 12146 | Gauntlet | Found a large runed translucent door.
 12147 | Gauntlet | Found a large runed translucent door.
 12151 | Gauntlet | Found a transporter.
 12161 | Gauntlet | Found a transporter.
 12176 | Gauntlet | Found a transporter.
 12182 | Gauntlet | Found a transporter.
 12214 | Gauntlet | Found a large runed translucent door.
 12215 | Gauntlet | Found a large runed translucent door.
 12216 | Gauntlet | Found a large runed translucent door.
 12216 | Gauntlet | Found a large runed translucent door.
 12336 | Gauntlet | HP: 5/110 [rust devil[an orange crystal statue] (10)]
 12337 | Gauntlet | HP: 2/110 [rust devil[an orange crystal statue] (3)]
 12339 | Gauntlet | Slain by a rust devil

Skill      XL: |  1  2  3  4  5  6  7  8  9 10 11 12 |
---------------+-------------------------------------+-----
Axes           | 3 4 5 6 7 9 11 13 14 15 | 15.5
Fighting       | 4 5 7 8 9 10 11 | 11.1
Shields        | 4 5 6 8 10 11 12 13 | 13.6
Armour         | 4 5 6 |  6.7
Invocations    | 3 4 |  4.0

Action                   |  1- 3 |  4- 6 |  7- 9 | 10-12 || total
-------------------------+-------+-------+-------+-------++-------
Melee: War axe           |    83 |   164 |   406 |   888 ||  1541
Throw: Tomahawk          |       |       |     3 |       ||     3
Invok: Lesser Servant of |       |       |       |     1 ||     1
  Use: Potion            |       |       |     2 |     1 ||     3
       Scroll            |       |       |       |    21 ||    21
 Stab: Distracted        |       |       |       |     2 ||     2
  Eat: Chunk             |       |     6 |    11 |    27 ||    44
Armor: Scale mail        |    41 |    34 |       |       ||    75
       Plate armour      |       |    56 |   212 |   339 ||   607
Dodge: Dodged            |    23 |    51 |    62 |   136 ||   272
Block: Shield            |    44 |   109 |   211 |   438 ||   802
